 Dungeon Crawl Stone Soup version 0.28-a0-1152-g9c71ebef14 (webtiles) character file.

Game seed: 2085688654251643456

145 lonewolfV2 the Chopper (level 5, -1/38 HPs)
             Began as a Demonspawn Gladiator on Dec 14, 2021.
             Slain by a gnoll (4 damage)
             ... on level 3 of the Dungeon.
             The game lasted 00:07:40 (2396 turns).

lonewolfV2 the Chopper (Demonspawn Gladiator)       Turns: 2396, Time: 00:07:41

Health: -1/38      AC: 10    Str: 15    XL:     5   Next: 6%
Magic:  5/5        EV: 13    Int: 11    God:
Gold:   108        SH:  0    Dex: 20    Spells: 4/4 levels left

rFire   x . .      SeeInvis .   g - +3 hand axe (freeze)
rCold   + . .      Faith    .   (no shield)
rNeg    . . .      Spirit   .   b - +0 leather armour
rPois   .          Reflect  .   c - +0 helmet
rElec   .          Harm     .   l - scarf {shadows}
rCorr   .          Rampage  .   (no gloves)
Will    .....                   (no boots)
Stlth   ++........              (no amulet)
HPRegen 0.12/turn               h - +6 ring of dexterity
MPRegen 0.09/turn               i - ring of ice

@: sanguine armoured
A: hooves 2, spiny 1, sanguine armour 1
a: no special abilities


You were on level 3 of the Dungeon.
You visited 1 branch of the dungeon, and saw 3 of its levels.

You collected 108 gold pieces.

Inventory:

Hand Weapons
 a - a +0 war axe
 g - a +3 hand axe of freezing (weapon)
Missiles
 d - 3 throwing nets (quivered)
Armour
 b - a +0 leather armour (worn)
 c - a +0 helmet (worn)
 l - a scarf of shadows (worn)
Jewellery
 h - a +6 ring of dexterity (left hand)
 i - a ring of ice (right hand)
Scrolls
 j - a scroll of fog {unknown}
 k - a scroll of blinking {unknown}
Potions
 e - a potion of berserk rage
 f - a potion of flight {unknown}


   Skills:
 + Level 2.3 Fighting
 + Level 3.8 Axes
 + Level 1.8 Throwing
 + Level 1.6 Armour
 + Level 3.4 Dodging
 + Level 1.4 Stealth


You had 4 spell levels left.
You didn't know any spells.
Your spell library was empty.

Dungeon Overview and Level Annotations

Branches:
Dungeon (3/15)

Altars:
Fedhas
Uskayaw

Shops:
D:3 :(


Innate Abilities, Weirdness & Mutations

You have hoof-like feet.
You are partially covered in sharp spines.
When seriously injured, your blood forms armour. (AC +6)


Message History

The bat hits you but does no damage.
You barely miss the bat. You kick the bat.
The bat is severely wounded.
The bat hits you. The bat barely misses you. The bat is struck by your spines.
The bat misses you.
A bat is nearby!
You slash the bat! You freeze the bat.
You kill the bat!
A rat comes into view.
The rat is struck by your spines.
You kill the rat!
You see here a rat corpse.
A gnoll comes into view.
It is wielding a +0 flail of holy wrath.
A gnoll comes into view. It is wielding a +0 halberd.
The gnoll shouts!
The gnoll hits you from afar with a +0 halberd!
A ball python comes into view.
A white imp comes into view.
The gnoll hits you with a +0 halberd.
You barely miss the gnoll.
The white imp shouts!
The ball python hisses angrily.
The gnoll shouts!
You kick the gnoll.
The gnoll is lightly wounded.
You hear a shout!
The gnoll closely misses you.
You slash the gnoll! You freeze the gnoll.
You kill the gnoll!
A gnoll comes into view. It is wielding a +0 club.
You have reached level 5!
Your demonic ancestry asserts itself...
Your feet thicken and deform.
You hit the gnoll. You freeze the gnoll. You kick the gnoll.
The gnoll is severely wounded.
The gnoll hits you with a +0 flail of holy wrath!
Your blood congeals into armour.
You convulse!
* * * LOW HITPOINT WARNING * * *
You barely miss the gnoll. You kick the gnoll.
The gnoll is almost dead.
The gnoll hits you with a +0 flail of holy wrath.
You die...

.#..........# #.#
........###.# #.#
###.###†# #.# #.# #.#
#.# #.# #.# #.# #.# #.#
#.# #.# #.###.###.# #
#.# #.##...##.#
.###5#####.###.#..(..#.#
....Sgg@...............#
.###.######.##.#.....###
# ...##.##...##
######.......# #####.#.#
#.#.# #.#.## #....##
#..#..#


You could see 2 gnolls, a white imp and a ball python.

Vanquished Creatures
  Terence (D:2)
  An orc wizard (D:2)
  An adder (D:2)
  A gnoll (D:3)
  An adder skeleton (D:2)
  A worm (D:2)
  A dart slug (D:1)
  8 orcs
  2 endoplasms
  3 giant cockroaches
  4 goblins
  5 hobgoblins
  3 jackals (D:1)
  6 kobolds
  3 quokkas
  10 bats
  3 frilled lizards (D:1)
  5 rats
59 creatures vanquished.

Vanquished Creatures (others)
  7 plants
7 creatures vanquished.

Grand Total: 66 creatures vanquished

Notes
Turn   | Place    | Note
-------+----------+-------------------------------------------
     0 | D:1      | lonewolfV2 the Demonspawn Gladiator began the quest for the
                  | Orb.
     0 | D:1      | Reached XP level 1. HP: 16/16 MP: 1/1
   288 | D:1      | Found a faded altar of an unknown god.
   326 | D:1      | Gained mutation: You are partially covered in sharp spines.
                  | [demonic ancestry]
   326 | D:1      | Reached XP level 2. HP: 10/22 MP: 2/2
   494 | D:1      | Prayed at the altar of an unknown god.
   494 | D:1      | Became a worshipper of Uskayaw the Reveller
   494 | D:1      | Reached * piety under Uskayaw
   495 | D:1      | Fell from the grace of Uskayaw
   707 | D:1      | Paralysed by the fury of Uskayaw for 5 turns
   846 | D:1      | Gained mutation: You have large cloven feet. [demonic
                  | ancestry]
   846 | D:1      | Reached XP level 3. HP: 27/27 MP: 3/3
  1028 | D:2      | Found a blossoming altar of Fedhas.
  1409 | D:2      | Reached skill level 1 in Armour
  1412 | D:2      | Gained mutation: When seriously injured, your blood forms
                  | armour. (AC +6) [demonic ancestry]
  1412 | D:2      | Reached XP level 4. HP: 33/33 MP: 4/4
  1574 | D:2      | Reached skill level 1 in Stealth
  1844 | D:2      | Noticed Terence
  1854 | D:2      | Killed Terence
  2175 | D:3      | Found Pigri Naisa's Book Shoppe.
  2234 | D:3      | Found Ynanymag's Weapon Boutique.
  2394 | D:3      | Gained mutation: You have hoof-like feet. [demonic
                  | ancestry]
  2394 | D:3      | Reached XP level 5. HP: 27/38 MP: 5/5
  2396 | D:3      | Slain by a gnoll

Illustrated notes

Levels and vault maps discovered:
D:1:      nagdon_arrival_double_spiral, layout_rooms,
          ebering_ecumenical_altar_abandoned
D:2:      minmay_diamond_boxcup, layout_basic, basic_altar, serial_bayou_pond_a,
          minivault_26, uniq_terence
D:3:      layout_loops_ring, serial_shops, nicolae_shop_behind_doors,
          nicolae_shop_statue_plus, shop, nicolae_shop_bloodbath_and_beyond,
          nicolae_shop_overgrown_old_shop

Skill      XL: |  1  2  3  4 |
---------------+-------------+-----
Dodging        | 3 |  3.4
Axes           | 3 |  3.8
Armour         | 1 |  1.6
Stealth        | 1 |  1.4
Fighting       | |  2.3
Throwing       | |  1.8

Action                   |  1- 3 |  4- 6 || total
-------------------------+-------+-------++-------
Melee: War axe           |    21 |       ||    21
       Hand axe          |    40 |    38 ||    78
       Kick              |     8 |    12 ||    20
Invok: Renounce Religion |     1 |       ||     1
  Use: Scroll            |     3 |       ||     3
 Stab: Sleeping          |     2 |     3 ||     5
Armor: Leather armour    |    22 |     2 ||    24
Dodge: Dodged            |    60 |    11 ||    71

Table legend: (Time is in decaauts)
 A = Elapsed time spent in this place.
 B = Non-inter-level travel time spent in this place.
 C = Inter-level travel time spent in this place.
 D = Time resting spent in this place.
 E = Time spent auto-exploring this place.
 F = Levels seen in this place.
 G = Mean time per level.
                   A        B        C        D        E       F      G
               +--------+--------+--------+--------+--------+-----+--------+
         Total |   2412 |   2410 |      2 |    156 |   1662 |   3 |  804.0 |
       Dungeon |   2412 |   2410 |      2 |    156 |   1662 |   3 |  804.0 |
               +--------+--------+--------+--------+--------+-----+--------+

Top non-repeatable levels by time:
     D:2: 1244 daAuts
     D:1: 935 daAuts
     D:3: 233 daAuts
